 Dungeon Crawl Stone Soup version 0.23.0-3-gf3c87f2 (webtiles) character file.

Game seed: 12913804296292877992

15410 drjones the Basher (level 12, -25/57 HPs)
             Began as a Gargoyle Monk on Feb 20, 2019.
             Was a High Priest of Okawaru.
             Killed from afar by a lich (36 damage)
             ... with a crystal spear
             ... on level 1 of the Abyss.
             The game lasted 00:50:09 (12543 turns).

drjones the Basher (Gargoyle Monk)                 Turns: 12543, Time: 00:50:10

Health: -25/57     AC: 20    Str: 20    XL:     12   Next: 26%
Magic:  0/16       EV: 23    Int: 11    God:    Okawaru [*****.]
Gold:   1330       SH:  0    Dex: 10    Spells: 11/11 levels left

rFire    . . .     SeeInvis .   A - +1 flail (holy)
rCold    . . .     Gourm    .   (no shield)
rNeg     + + .     Faith    .   m - +0 chain mail
rPois    ∞         Spirit   +   g - +2 helmet
rElec    +         Reflect  .   n - scarf {Spirit}
rCorr    .         Harm     .   f - +1 pair of gloves
MR       .....                  (no boots)
Stlth    ..........             k - amulet of the acrobat
HPRegen  0.19/turn              K - ring of positive energy
MPRegen  0.15/turn              (no ring)

@: about to teleport, acrobat
A: clumsy 1, [deformed body], [frail 2], high mp 1, negative energy resistance
1, electricity resistance, unbreathing, petrification resistance, rot immunity,
AC +8
a: Heroism, Finesse, Renounce Religion


You were on level 1 of the Abyss.
You worshipped Okawaru.
Okawaru was extremely pleased with you.
You were not hungry.

You visited 2 branches of the dungeon, and saw 11 of its levels.
You visited the Abyss 1 time.
You also visited: Bailey.

You collected 2148 gold pieces.
You spent 818 gold pieces at shops.

Inventory:

Hand Weapons
 a - a +1 flail
 b - a +0 blowgun
 i - a +0 dire flail
 A - a +1 flail of holy wrath (weapon)
Missiles
 l - a javelin
 t - 3 silver javelins (quivered)
 x - 9 needles of sleeping
 I - 6 poisoned needles
 N - 5 javelins of penetration
Armour
 f - a +1 pair of gloves (worn)
 g - a +2 helmet (worn)
 m - a +0 chain mail (worn)
 n - a scarf of spirit shield (worn)
Jewellery
 k - an amulet of the acrobat (around neck)
 C - an uncursed ring of fire
 D - a +2 amulet of reflection
 K - a ring of positive energy (left hand)
Wands
 e - a wand of scattershot (6)
 j - a wand of digging (5)
 p - a wand of flame (11)
 r - a wand of polymorph (4)
 F - a wand of acid (7)
 H - a wand of iceblast (7)
 P - a wand of paralysis (7)
Scrolls
 d - 2 scrolls of blinking
 h - 5 scrolls of remove curse
 w - a scroll of amnesia
 B - a scroll of fog
 O - a scroll of silence
Potions
 o - 2 potions of cancellation
 q - 3 potions of flight
 s - a potion of resistance
 u - a potion of invisibility
 v - 2 potions of brilliance
 z - a potion of magic
Miscellaneous
 G - a phantom mirror
Comestibles
 c - 19 rations


   Skills:
 + Level 7.6 Fighting
 - Level 14.0 Maces & Flails
 + Level 5.5 Throwing
 + Level 6.6 Armour
 - Level 2.4 Dodging
 + Level 7.2 Stealth
 + Level 4.1 Invocations
 - Level 4.0 Evocations


You had 11 spell levels left.
You didn't know any spells.
Your spell library contained the following spells:

 Spells                   Type           Power        Failure   Level  Hunger
 Summon Small Mammal      Summ           #...         97%         1    ##.....
 Call Imp                 Summ           #.......     99%         2    ###....
 Call Canine Familiar     Summ           #.......     100%        3    ####...
 Summon Guardian Golem    Hex/Summ       #.......     100%        3    ####...
 Summon Ice Beast         Ice/Summ       #.......     100%        4    #####..
 Summon Lightning Spire   Summ/Air       #.......     100%        4    #####..


Dungeon Overview and Level Annotations

Branches:
Dungeon (10/15)            Temple (1/1) D:7
   Lair: D:8-11         Orc: D:9-12

Altars:
Ashenzari
Cheibriados
Dithmenos
Gozag
Kikubaaqudgha
Makhleb
Nemelex Xobeh
Okawaru
Qazlal
Ru
Sif Muna
Trog
Uskayaw
Wu Jian
Xom
Zin
The Shining One

Shops:
D:9 [[:*?

Annotations:
D:7 1 runed translucent door, Crazy Yiuf
D:8 1 runed translucent door, p0werm0de's ghost, novice GnAr
D:10 Psyche


Innate Abilities, Weirdness & Mutations

You are resistant to torment.
Your stone body is resilient. (AC +8)
You are immune to poison.
You resist negative energy. (rN+)
You are resistant to electric shocks. (rElec)
You can survive without breathing.
You are immune to petrification.
You are immune to rotting.
You are clumsy. (Dex -2)
You have an increased reservoir of magic. (+10% MP)
[Armour fits poorly on your strangely shaped body.]
[You are very frail. (-20% HP)]


Message History

The lich touches you but does no damage.
You hit the lich but do no damage.
The lich is heavily damaged.
The lich touches you.
You hit the lich but do no damage.
The lich is heavily damaged.
The lich casts a spell at you. The bolt of acid hits you!!
* * * LOW HITPOINT WARNING * * *
You are splashed with acid!
* * * LOW HITPOINT WARNING * * *
You feel better. The lich touches you.
* * * LOW HITPOINT WARNING * * *
Okay, then.
The lich gestures at you while chanting.
You barely resist. The lich casts a spell at you. The crystal spear hits you!!!
Ouch! That really hurt!
You die...

#... #...
#
.....###
# . . .
.#..# .
.#.
....#.
......
.## #
##..#
##..#####
.
##..*L@#
##.####
#.## ...#
.§#.# ..#
#. .# #.
##.


You could see a lich and a wretched star.

Vanquished Creatures
  An eidolon (Abyss:1)
  A two-headed ogre (D:8)
  Nergalle (D:10)
  A skeletal warrior (D:10)
  An unseen horror (D:10)
  An orc knight (Bailey)
  A spiny frog (shapeshifter) (D:9)
  A komodo dragon (D:10)
  2 large abominations (Abyss:1)
  Prince Ribbit (D:5)
  5 flying skulls
  5 wraiths
  A wyvern (D:9)
  6 shadows (D:10)
  6 yaks (D:10)
  A steam dragon (D:10)
  A hungry ghost (D:9)
  A vampire mosquito (D:9)
  Duvessa (D:5)
  8 orc warriors
  3 sky beasts
  2 ice beasts
  8 ogres
  2 phantoms
  4 necrophages
  3 centaurs
  A big kobold (D:9)
  8 bullfrogs
  A gnoll sergeant (D:10)
  2 wyvern zombies (D:10)
  Dowan (D:5)
  A wyvern skeleton (D:10)
  2 scorpions
  A water moccasin skeleton (D:3)
  4 killer bees (D:8)
  3 wights
  A howler monkey (D:5)
  3 centaur zombies
  5 crimson imps
  2 quasits
  4 human zombies (D:7)
  A bullfrog zombie (D:10)
  5 orc priests
  8 centaur skeletons
  4 hounds
  5 jellies
  2 orc wizards
  4 bullfrog skeletons
  Ijyb (D:4)
  2 human skeletons (D:7)
  2 iguanas
  5 worker ants
  2 mummies (D:7)
  2 hound zombies
  A hound skeleton (D:8)
  A howler monkey zombie (D:7)
  4 worker ant zombies
  A howler monkey skeleton (D:10)
  13 gnolls
  17 adders
  A white imp (Abyss:1)
  7 oozes
  An adder zombie (D:9)
  7 dart slugs
  4 worms
  6 leopard geckos
  21 orcs
  3 ball pythons
  3 giant cockroaches
  15 goblins
  12 hobgoblins
  11 jackals
  26 kobolds
  3 quokkas
  7 bats
  2 frilled lizards
  A jackal skeleton (D:4)
  A quokka skeleton (D:5)
  5 rats
323 creatures vanquished.

Vanquished Creatures (others)
  An ice beast (D:10)
  A scorpion (D:10)
  An orc (D:10)
  6 plants (D:8)
9 creatures vanquished.

Grand Total: 332 creatures vanquished

Notes
Turn   | Place    | Note
-------+----------+-------------------------------------------
     0 | D:1      | drjones the Gargoyle Monk began the quest for the Orb.
     0 | D:1      | Reached XP level 1. HP: 14/14 MP: 1/1
   259 | D:1      | Reached XP level 2. HP: 15/19 MP: 2/2
   448 | D:1      | Reached skill level 4 in Maces & Flails
   477 | D:1      | Reached XP level 3. HP: 19/23 MP: 3/3
   949 | D:2      | Reached XP level 4. HP: 26/28 MP: 4/4
  1107 | D:2      | Reached skill level 5 in Maces & Flails
  1163 | D:2      | Found a bloodstained altar of Trog.
  1275 | D:2      | Found a glowing silver altar of Zin.
  1940 | D:3      | Reached XP level 5. HP: 31/32 MP: 5/5
  2033 | D:3      | Reached skill level 6 in Maces & Flails
  2179 | D:3      | Found a glowing golden altar of the Shining One.
  2257 | D:3      | Found a deep blue altar of Sif Muna.
  2378 | D:4      | Noticed an ogre
  2392 | D:4      | Killed an ogre
  2392 | D:4      | Reached XP level 6. HP: 37/37 MP: 6/6
  2417 | D:4      | Noticed Ijyb
  2432 | D:4      | Killed Ijyb
  2432 | D:4      | Reached skill level 7 in Maces & Flails
  2617 | D:4      | Found a sacrificial altar of Ru.
  2617 | D:4      | Found a shattered altar of Ashenzari.
  2618 | D:4      | Found an opulent altar of Gozag.
  2638 | D:4      | Found a shimmering altar of Xom.
  2827 | D:4      | Reached XP level 7. HP: 33/41 MP: 7/7
  2893 | D:4      | Reached skill level 8 in Maces & Flails
  3224 | D:5      | Entered Level 5 of the Dungeon
  3224 | D:5      | Noticed a komodo dragon
  3581 | D:5      | Reached skill level 9 in Maces & Flails
  3582 | D:5      | Found a glowing silver altar of Zin.
  3701 | D:5      | Reached XP level 8. HP: 38/46 MP: 8/8
  3745 | D:5      | Noticed Duvessa
  3747 | D:5      | Noticed Dowan
  3768 | D:5      | Killed Duvessa
  3768 | D:5      | Reached skill level 10 in Maces & Flails
  3775 | D:5      | Killed Dowan
  4247 | D:5      | Noticed Prince Ribbit
  4528 | D:5      | Reached skill level 11 in Maces & Flails
  4600 | D:5      | Killed Prince Ribbit
  4600 | D:5      | Reached XP level 9. HP: 25/51 MP: 9/9
  5117 | D:6      | Reached skill level 12 in Maces & Flails
  5919 | D:7      | Found a snail-covered altar of Cheibriados.
  6114 | D:7      | Found a staircase to the Ecumenical Temple.
  6123 | Temple   | Entered the Ecumenical Temple
  6132 | Temple   | Became a worshipper of Warmaster Okawaru
  6132 | Temple   | Reached * piety under Okawaru
  6132 | Temple   | Reached ** piety under Okawaru
  6279 | D:7      | Found an ancient bone altar of Kikubaaqudgha.
  6377 | D:7      | Reached skill level 13 in Maces & Flails
  6498 | D:7      | Found a stormy altar of Qazlal.
  6653 | D:7      | Found a runed translucent door.
  6654 | D:7      | Noticed Crazy Yiuf
  6802 | D:8      | Found a flagged portal.
  6811 | Bailey   | Entered a bailey
  6856 | Bailey   | Reached *** piety under Okawaru
  6950 | Bailey   | Noticed an orc knight
  6979 | Bailey   | Killed an orc knight
  6979 | Bailey   | Reached XP level 10. HP: 44/56 MP: 10/10
  7193 | Bailey   | Reached skill level 14 in Maces & Flails
  7485 | D:8      | Found a burning altar of Makhleb.
  7568 | D:8      | Noticed a two-headed ogre
  7579 | D:8      | Killed a two-headed ogre
  7579 | D:8      | Reached skill level 1 in Throwing
  7762 | D:8      | Found a runed translucent door.
  7764 | D:8      | Identified the +5 spear of Tyrity {pierce, Str+2 Dex+3}
  7765 | D:8      | Noticed p0werm0de's ghost (novice GnAr)
  8225 | D:8      | Reached skill level 1 in Evocations
  8295 | D:9      | Found Taismewi's Antique Armour Shop.
  8450 | D:9      | Reached **** piety under Okawaru
  8463 | D:9      | Found Xoleol's Antique Armour Shoppe.
  8478 | D:9      | Bought a pair of gloves for 108 gold pieces
  8478 | D:9      | Bought a glowing scarf for 192 gold pieces
  8649 | D:9      | Found Deheh's Book Emporium.
  8668 | D:9      | Found Faps's Assorted Antiques.
  8680 | D:9      | Bought a runed peridot amulet for 115 gold pieces
  8680 | D:9      | Bought a potion of might for 92 gold pieces
  8680 | D:9      | Bought a shiny ivory ring for 115 gold pieces
  8804 | D:9      | Found an ornate altar of the Wu Jian Council.
  8889 | D:9      | Noticed a spiny frog
  8889 | D:9      | a wind drake changed into a spiny frog
  8911 | D:9      | Killed a spiny frog
  8911 | D:9      | Received a gift from Okawaru
  8915 | D:9      | Reached skill level 5 in Fighting
  9108 | D:9      | Reached XP level 11. HP: 63/63 MP: 12/12
  9109 | D:9      | Found Moloar's Magic Scroll Boutique.
  9162 | D:9      | Bought a scroll of identify for 28 gold pieces
  9162 | D:9      | Bought a scroll of identify for 28 gold pieces
  9162 | D:9      | Bought a scroll of identify for 28 gold pieces
  9162 | D:9      | Bought a scroll of identify for 28 gold pieces
  9162 | D:9      | Bought a scroll of teleportation for 42 gold pieces
  9162 | D:9      | Bought a scroll of teleportation for 42 gold pieces
  9168 | D:9      | Gained mutation: You are clumsy. (Dex -2) [potion of
                  | mutation]
  9168 | D:9      | Gained mutation: You have an increased reservoir of magic.
                  | (+10% MP) [potion of mutation]
  9839 | D:10     | Entered Level 10 of the Dungeon
  9883 | D:10     | Noticed Nergalle
 10245 | D:10     | Reached skill level 5 in Stealth
 10625 | D:10     | Killed an unseen horror
 10795 | D:10     | Received a gift from Okawaru
 11052 | D:10     | Reached skill level 5 in Armour
 11063 | D:10     | Killed Nergalle
 11063 | D:10     | Reached ***** piety under Okawaru
 11156 | D:10     | Noticed a skeletal warrior
 11169 | D:10     | Killed a skeletal warrior
 11169 | D:10     | Received a gift from Okawaru
 11376 | D:10     | Received a gift from Okawaru
 11467 | D:10     | Reached skill level 5 in Throwing
 11572 | D:10     | Reached XP level 12. HP: 68/72 MP: 16/16
 11985 | D:10     | Noticed Psyche
 11994 | D:10     | Cast into level 1 of the Abyss (Psyche)
 12035 | Abyss:1  | Noticed a vampire mage
 12042 | Abyss:1  | Noticed an eidolon
 12067 | Abyss:1  | Killed an eidolon
 12079 | Abyss:1  | Noticed a bone dragon
 12241 | Abyss:1  | Noticed a wretched star
 12365 | Abyss:1  | Noticed a thrashing horror
 12368 | Abyss:1  | Noticed a green very ugly thing
 12527 | Abyss:1  | Noticed a lich
 12528 | Abyss:1  | Noticed a wretched star
 12543 | Abyss:1  | Killed from afar by a lich

Skill      XL: |  1  2  3  4  5  6  7  8  9 10 11 12 |
---------------+-------------------------------------+-----
Maces & Flails | 4 5 6 7 9 11 13 14 | 14.0
Fighting       | 5 7 |  7.6
Throwing       | 3 5 |  5.5
Armour         | 3 6 |  6.6
Invocations    | 2 3 4 |  4.1
Evocations     | 2 4 |  4.0
Stealth        | 4 6 7 |  7.2
Dodging        | |  2.4

Action                   |  1- 3 |  4- 6 |  7- 9 | 10-12 || total
-------------------------+-------+-------+-------+-------++-------
Melee: Mace              |   116 |    59 |       |    43 ||   218
       Flail             |       |   124 |   231 |   746 ||  1101
       Dire flail        |       |       |   265 |    75 ||   340
       Whip              |       |       |       |    16 ||    16
       Punch             |       |       |       |     4 ||     4
 Fire: Hunting sling     |       |       |    32 |       ||    32
       Blowgun           |       |       |       |     4 ||     4
Throw: Javelin           |       |     7 |    31 |    18 ||    56
Invok: Heroism           |       |       |       |    11 ||    11
Evoke: Wand              |       |       |       |     4 ||     4
  Use: Scroll            |     2 |    13 |     2 |    17 ||    34
       Potion            |       |     3 |     6 |     7 ||    16
 Stab: Sleeping          |     1 |       |       |       ||     1
  Eat: Chunk             |       |     7 |    10 |     8 ||    25
       Ration            |       |       |     1 |     3 ||     4
Armor: Ring mail         |    51 |    66 |    18 |       ||   135
       Robe              |     3 |       |       |       ||     3
       Chain mail        |       |       |   217 |   509 ||   726
Dodge: Dodged            |    56 |    91 |   146 |   284 ||   577
